EL
CORPUS CHRISTI HOOKS @ NORTHWEST ARKANSAS NATURALS
09/03/2047
 
TOP OF THE 1ST
Corpus Christi Hooks batting - Pitching for Northwest Arkansas Naturals : RHP Steve Ryals
Pitching: RHP Steve Ryals
Batting: RHB Bruce Bermudez 0-0: Called Strike
0-1: Called Strike
0-2: Ball
1-2: Foul Ball, location: 2F
1-2: Ball
2-2: Ball
3-2: Strikes out looking
Batting: RHB Edgar Trejo 0-0: Called Strike
0-1: Ball
1-1: Called Strike
1-2: Ball
2-2: Foul Ball, location: 2F
2-2: Foul Ball, location: 2F
2-2: Ball
3-2: Ground out 6-3 (Groundball, 6D, EV 103.1 MPH)
Batting: RHB Elijah Hunter 0-0: Ball
1-0: Ball
2-0: Called Strike
2-1: Foul Ball, location: 2F
2-2: Strikes out swinging
Top of the 1st over - 0 runs, 0 hits, 0 errors, 0 left on base; Corpus Christi 0 - Northwest Arkansas 0
BOTTOM OF THE 1ST
Northwest Arkansas Naturals batting - Pitching for Corpus Christi Hooks : RHP Andy Montelongo
Pitching: RHP Andy Montelongo
Batting: RHB Kevin Wimberly 0-0: Ball
1-0: Ball
2-0: Called Strike
2-1: Foul Ball, location: 2F
2-2: Ball
3-2: SINGLE (Groundball, 4, EV 98.8 MPH)
Batting: LHB Teko van de Sande 0-0: Ball
1-0: Called Strike
Pickoff Play to 1st, Runner tries for 2nd, OUT after rundown.
1-1: Swinging Strike
1-2: Foul Ball, location: 2F
1-2: Ball
2-2: Ball
3-2: Strikes out swinging
Batting: SHB Troy Maynard 0-0: Fly out, F5 (Popup, 5, EV 74.4 MPH)
Bottom of the 1st over - 0 runs, 1 hit, 0 errors, 0 left on base; Corpus Christi 0 - Northwest Arkansas 0
TOP OF THE 2ND
Corpus Christi Hooks batting - Pitching for Northwest Arkansas Naturals : RHP Steve Ryals
Batting: RHB Bobby Larson 0-0: Called Strike
0-1: SOLO HOME RUN (Flyball, 78XD, EV 112.5 MPH), Distance : 438 ft
Batting: RHB Nick Deegan 0-0: Called Strike
0-1: Ball
1-1: Called Strike
1-2: Ball
2-2: Ball
3-2: Strikes out swinging
Pitching: RHP Mike Tuck
Batting: RHB Adrian Martinelli 0-0: Ball
1-0: Swinging Strike
1-1: Swinging Strike
1-2: Foul Ball, location: 2F
1-2: Ball
2-2: Ball
3-2: Strikes out swinging
Batting: RHB Sean Mounts 0-0: Ball
1-0: Swinging Strike
1-1: Called Strike
1-2: Strikes out looking
Top of the 2nd over - 1 run, 1 hit, 0 errors, 0 left on base; Corpus Christi 1 - Northwest Arkansas 0
BOTTOM OF THE 2ND
Northwest Arkansas Naturals batting - Pitching for Corpus Christi Hooks : RHP Andy Montelongo
Batting: RHB Andy Urquhart 0-0: Called Strike
0-1: Fly out, F5 (Line Drive, 5, EV 70.6 MPH)
Batting: SHB Bill Ertl 0-0: Swinging Strike
0-1: Foul Ball, location: 2F
0-2: Ball
1-2: Ground out 6-3 (Groundball, 6, EV 81.2 MPH)
Batting: RHB Justin Goff 0-0: Foul Ball, location: 2F
0-1: Ball
1-1: Foul Ball, location: 2F
1-2: Ball
2-2: SINGLE (Line Drive, 89S, EV 93.1 MPH)
Batting: LHB Robert Wilkins 0-0: Ball
1-0: DOUBLE (Line Drive, 9LS, EV 101.2 MPH)
Justin Goff to third
Batting: RHB Eric Erickson 0-0: Ball
1-0: Ball
2-0: Ball
3-0: Called Strike
3-1: Fly out, F8 (Flyball, 8LM, EV 73.1 MPH)
Bottom of the 2nd over - 0 runs, 2 hits, 0 errors, 2 left on base; Corpus Christi 1 - Northwest Arkansas 0
TOP OF THE 3RD
Corpus Christi Hooks batting - Pitching for Northwest Arkansas Naturals : RHP Mike Tuck
Batting: LHB Jackson Trottier 0-0: Called Strike
0-1: Ground out 5-3 (Groundball, 56S, EV 86.9 MPH)
Batting: RHB Ryan Salas 0-0: Fly out, F6 (Popup, 6, EV 54.4 MPH)
Batting: RHB Bruce Bermudez 0-0: Ball
1-0: Called Strike
1-1: Foul Ball, location: 2F
1-2: Foul Ball, location: 2F
1-2: Foul Ball, location: 2F
1-2: Strikes out swinging
Top of the 3rd over - 0 runs, 0 hits, 0 errors, 0 left on base; Corpus Christi 1 - Northwest Arkansas 0
BOTTOM OF THE 3RD
Northwest Arkansas Naturals batting - Pitching for Corpus Christi Hooks : RHP Andy Montelongo
Batting: LHB Eric Zacher 0-0: DOUBLE (Flyball, 78XD, EV 105.0 MPH)
Batting: RHB Kevin Wimberly 0-0: Foul Ball, location: 2F
0-1: Ball
1-1: Ground out 3-1 (Groundball, 34, EV 92.5 MPH)
Eric Zacher to third
Batting: LHB Teko van de Sande 0-0: Ball
1-0: Ball
2-0: Ball
3-0: Foul Ball, location: 2F
3-1: Foul Ball, location: 2F
3-2: Foul Ball, location: 2F
3-2: Foul Ball, location: 2F
3-2: Strikes out swinging
Batting: SHB Troy Maynard 0-0: Called Strike
0-1: Ball
1-1: Swinging Strike
1-2: Reached on error, E4 (Groundball, 34D, EV 97.5 MPH)
Eric Zacher scores
Batting: RHB Andy Urquhart 0-0: Called Strike
0-1: DOUBLE (Flyball, 8LXD, EV 113.8 MPH)
Troy Maynard scores
Batting: SHB Bill Ertl 0-0: Foul Ball, location: 2F
0-1: Swinging Strike
0-2: Strikes out swinging
Bottom of the 3rd over - 2 runs, 2 hits, 1 error, 1 left on base; Corpus Christi 1 - Northwest Arkansas 2
TOP OF THE 4TH
Corpus Christi Hooks batting - Pitching for Northwest Arkansas Naturals : RHP Mike Tuck
Batting: RHB Edgar Trejo 0-0: Foul Ball, location: 2F
0-1: Swinging Strike
0-2: Strikes out swinging
Batting: RHB Elijah Hunter 0-0: Ball
1-0: Swinging Strike
1-1: Ground out 5-3 (Groundball, 15, EV 84.4 MPH)
Batting: RHB Bobby Larson 0-0: Ball
1-0: Ball
2-0: Ball
3-0: Base on Balls
Batting: RHB Nick Deegan 0-0: Foul Ball, location: 2F
0-1: Ball
1-1: Ball
2-1: Ball
3-1: Fielders Choice at 2nd, 5-4 (Groundball, 5L, EV 80.0 MPH)
Top of the 4th over - 0 runs, 0 hits, 0 errors, 1 left on base; Corpus Christi 1 - Northwest Arkansas 2
BOTTOM OF THE 4TH
Northwest Arkansas Naturals batting - Pitching for Corpus Christi Hooks : RHP Andy Montelongo
Batting: RHB Justin Goff 0-0: Ball
1-0: Fly out, F9 (Line Drive, 9, EV 96.2 MPH)
Batting: LHB Robert Wilkins 0-0: Ground out U3 (Groundball, 3, EV 77.5 MPH)
Batting: RHB Eric Erickson 0-0: Ground out 5-3 (Groundball, 56, EV 100.0 MPH)
Bottom of the 4th over - 0 runs, 0 hits, 0 errors, 0 left on base; Corpus Christi 1 - Northwest Arkansas 2
TOP OF THE 5TH
Corpus Christi Hooks batting - Pitching for Northwest Arkansas Naturals : RHP Mike Tuck
Batting: RHB Adrian Martinelli 0-0: Ball
1-0: Called Strike
1-1: Swinging Strike
1-2: Strikes out looking
Batting: RHB Sean Mounts 0-0: Ball
1-0: Foul Ball, location: 2F
1-1: Ball
2-1: Foul Ball, location: 2F
2-2: Ball
3-2: Foul Ball, location: 2F
3-2: Foul Ball, location: 2F
3-2: Strikes out swinging
Pitching: RHP Julio Espinel
Batting: LHB Jackson Trottier 0-0: Ball
1-0: Ball
2-0: Called Strike
2-1: Ground out U3 (Groundball, 3, EV 76.2 MPH)
Top of the 5th over - 0 runs, 0 hits, 0 errors, 0 left on base; Corpus Christi 1 - Northwest Arkansas 2
BOTTOM OF THE 5TH
Northwest Arkansas Naturals batting - Pitching for Corpus Christi Hooks : RHP Andy Montelongo
Batting: LHB Eric Zacher 0-0: Ball
1-0: Fly out, F7 (Flyball, 7LSF, EV 79.4 MPH)
Batting: RHB Kevin Wimberly 0-0: Ball
1-0: Swinging Strike
1-1: Swinging Strike
1-2: Strikes out swinging
Batting: LHB Teko van de Sande 0-0: Called Strike
0-1: Ball
1-1: Ground out 6-3 (Groundball, 6, EV 83.8 MPH)
Bottom of the 5th over - 0 runs, 0 hits, 0 errors, 0 left on base; Corpus Christi 1 - Northwest Arkansas 2
TOP OF THE 6TH
Corpus Christi Hooks batting - Pitching for Northwest Arkansas Naturals : RHP Julio Espinel
Batting: RHB Ryan Salas 0-0: Ball
1-0: SINGLE (Line Drive, 7S, EV 103.8 MPH)
Batting: RHB Bruce Bermudez 0-0: Foul Ball, location: 2F
0-1: Swinging Strike
0-2: Ball
1-2: Foul Ball, location: 2F
1-2: Strikes out swinging
Batting: RHB Edgar Trejo 0-0: Grounds into double play, 6-4-3 (Groundball, 6, EV 83.1 MPH)
Top of the 6th over - 0 runs, 1 hit, 0 errors, 0 left on base; Corpus Christi 1 - Northwest Arkansas 2
BOTTOM OF THE 6TH
Northwest Arkansas Naturals batting - Pitching for Corpus Christi Hooks : RHP Andy Montelongo
Batting: SHB Troy Maynard 0-0: Called Strike
0-1: Foul Ball, location: 2F
0-2: Strikes out looking
Batting: RHB Andy Urquhart 0-0: Ball
1-0: Ball
2-0: Ball
3-0: Base on Balls
Batting: SHB Bill Ertl 0-0: DOUBLE (Line Drive, 78D, EV 103.8 MPH)
Andy Urquhart to third
Runner from 3rd tries for Home, SAFE, throw by CF to trailing runner, SAFE at third!
Batting: RHB Justin Goff 0-0: Called Strike
0-1: Ball
1-1: Ball
2-1: Ball
3-1: Called Strike
3-2: Strikes out swinging
Batting: LHB Robert Wilkins 0-0: Foul Ball, location: 2F
0-1: Called Strike
0-2: SINGLE (Line Drive, 89S, EV 88.8 MPH)
Bill Ertl scores
Batting: RHB Eric Erickson 0-0: Called Strike
0-1: Ball
1-1: Ball
2-1: Ball
3-1: Base on Balls
Robert Wilkins to second
Batting: LHB Eric Zacher 0-0: Ground out 4-3 (Groundball, 4, EV 82.5 MPH)
Bottom of the 6th over - 2 runs, 2 hits, 0 errors, 2 left on base; Corpus Christi 1 - Northwest Arkansas 4
TOP OF THE 7TH
Corpus Christi Hooks batting - Pitching for Northwest Arkansas Naturals : RHP Julio Espinel
Batting: RHB Elijah Hunter 0-0: Ball
1-0: Foul Ball, location: 2F
1-1: Called Strike
1-2: Ball
2-2: Foul Ball, location: 2F
2-2: Ball
3-2: Foul Ball, location: 2F
3-2: DOUBLE (Line Drive, 7LS, EV 108.1 MPH)
Batting: RHB Bobby Larson 0-0: Called Strike
0-1: Foul Ball, location: 2F
0-2: Ball
1-2: Foul Ball, location: 2F
1-2: Ball
2-2: Ball
3-2: Base on Balls
Pitching: RHP Matthew Orphan
Batting: RHB Nick Deegan 0-0: Ball
1-0: Ball
2-0: Foul Ball, location: 2F
2-1: Foul Ball, location: 2F
2-2: Ball
3-2: Base on Balls
Elijah Hunter to third
Bobby Larson to second
Pinch Hitting: LHB Josh Birkner 0-0: Ball
1-0: Foul Ball, location: 2F
1-1: Ball
2-1: Foul Ball, location: 2F
2-2: Grounds into double play, 3-2-3 (Groundball, 3, EV 105.6 MPH)
Bobby Larson to third
Nick Deegan to second
Batting: RHB Sean Mounts 0-0: Foul Ball, location: 2F
0-1: SINGLE (Line Drive, 8RS, EV 102.5 MPH)
Bobby Larson scores
Nick Deegan to third
Runner from 3rd tries for Home, SAFE, throw by CF to home
Sean Mounts to second
Batting: LHB Jackson Trottier 0-0: Ground out 6-3 (Groundball, 6, EV 95.6 MPH)
Top of the 7th over - 2 runs, 2 hits, 0 errors, 1 left on base; Corpus Christi 3 - Northwest Arkansas 4
BOTTOM OF THE 7TH
Northwest Arkansas Naturals batting - Pitching for Corpus Christi Hooks : RHP Andy Montelongo
Now at 1B: Josh Birkner
Now at 3B: Sean Mounts
Batting: RHB Kevin Wimberly 0-0: SINGLE (Line Drive, 7LS, EV 100.0 MPH)
Batting: LHB Teko van de Sande 0-0: Ball
1-0: Bunt missed!
1-1: Sac Bunt to 15S - play at first, batter OUT! 1-3
Kevin Wimberly to second
Batting: SHB Troy Maynard 0-0: Ball
1-0: Ball
2-0: Ball
3-0: Called Strike
3-1: Base on Balls
Batting: RHB Andy Urquhart 0-0: Called Strike
0-1: Swinging Strike
0-2: Ball
1-2: Ball
2-2: Ball
3-2: Base on Balls
Kevin Wimberly to third
Troy Maynard to second
Batting: SHB Bill Ertl 0-0: Ball
1-0: SINGLE (Groundball, 34, EV 102.5 MPH)
Kevin Wimberly scores
Troy Maynard to third
Andy Urquhart to second
Batting: RHB Justin Goff 0-0: Fly out, F7 (Flyball, 7LM, EV 94.4 MPH)
Batting: LHB Robert Wilkins 0-0: Ball
1-0: Foul Ball, location: 2F
1-1: Swinging Strike
1-2: Ball
2-2: Foul Ball, location: 2F
2-2: Ball
3-2: Fly out, F4 (Line Drive, 4M, EV 71.9 MPH)
Bottom of the 7th over - 1 run, 2 hits, 0 errors, 3 left on base; Corpus Christi 3 - Northwest Arkansas 5
TOP OF THE 8TH
Corpus Christi Hooks batting - Pitching for Northwest Arkansas Naturals : RHP Matthew Orphan
Pitching: RHP Jadon Martin
Batting: RHB Ryan Salas 0-0: Ball
1-0: Foul Ball, location: 2F
1-1: Swinging Strike
1-2: SINGLE (Groundball, 56D, EV 101.2 MPH)
Batting: RHB Bruce Bermudez 0-0: Called Strike
0-1: Foul Ball, location: 2F
0-2: Ball
1-2: Strikes out swinging
Batting: RHB Edgar Trejo 0-0: Called Strike
0-1: SINGLE (Groundball, 6D, EV 97.5 MPH)
Ryan Salas to second
Batting: RHB Elijah Hunter 0-0: Called Strike
0-1: Called Strike
0-2: Strikes out swinging
Pitching: RHP Justin Ashton
Batting: RHB Bobby Larson 0-0: Ball
1-0: Called Strike
1-1: Ball
2-1: DOUBLE (Line Drive, 8RXD, EV 107.5 MPH)
Ryan Salas scores
Edgar Trejo to third
Runner from 3rd tries for Home, SAFE, throw by CF to home
Batting: RHB Nick Deegan 0-0: Called Strike
0-1: Ball
Wild Pitch!
Bobby Larson to third
1-1: Ball
2-1: Hit by Pitch
Batting: LHB Josh Birkner 0-0: Ball
1-0: Foul Ball, location: 2F
1-1: Foul Ball, location: 2F
1-2: Fly out, F8 (Flyball, 8RD, EV 93.8 MPH)
Top of the 8th over - 2 runs, 3 hits, 0 errors, 2 left on base; Corpus Christi 5 - Northwest Arkansas 5
BOTTOM OF THE 8TH
Northwest Arkansas Naturals batting - Pitching for Corpus Christi Hooks : RHP Andy Montelongo
Batting: RHB Eric Erickson 0-0: Ball
1-0: DOUBLE (Groundball, 3L, EV 101.9 MPH)
Batting: LHB Eric Zacher 0-0: Ground out 1-3 (Groundball, 25, EV 67.5 MPH)
Batting: RHB Kevin Wimberly 0-0: Ground out 6-3 (Groundball, 6S, EV 64.4 MPH)
Eric Erickson to third
Batting: LHB Teko van de Sande 0-0: Ball
1-0: Called Strike
1-1: Foul Ball, location: 2F
1-2: Foul Ball, location: 2F
1-2: Ball
2-2: Ball
3-2: SINGLE (Groundball, 25, EV 70.0 MPH) (infield hit)
Eric Erickson scores
Pitching: LHP Mike Holloway
Batting: SHB Troy Maynard 0-0: Called Strike
0-1: Swinging Strike
0-2: Ball
1-2: Strikes out swinging
Bottom of the 8th over - 1 run, 2 hits, 0 errors, 1 left on base; Corpus Christi 5 - Northwest Arkansas 6
TOP OF THE 9TH
Corpus Christi Hooks batting - Pitching for Northwest Arkansas Naturals : RHP Justin Ashton
Pitching: LHP Jake Warwick
Batting: RHB Sean Mounts 0-0: Called Strike
0-1: Foul Ball, location: 2F
0-2: Strikes out swinging
Pinch Hitting: RHB Andrew Pride 0-0: Called Strike
0-1: Ball
1-1: Swinging Strike
1-2: Ball
2-2: Foul Ball, location: 2F
2-2: Foul Ball, location: 2F
2-2: Foul Ball, location: 2F
2-2: Ball
3-2: DOUBLE (Line Drive, 9LS, EV 95.6 MPH)
Batting: RHB Ryan Salas 0-0: Hit by Pitch
Batting: RHB Bruce Bermudez 0-0: Ball
1-0: Ball
2-0: 3-RUN HOME RUN (Flyball, 7LD, EV 93.1 MPH), Distance : 344 ft
Pitching: RHP Mike Galvin
Batting: RHB Edgar Trejo 0-0: Fly out, F3 (Line Drive, 34D, EV 63.8 MPH)
Batting: RHB Elijah Hunter 0-0: Called Strike
0-1: Swinging Strike
0-2: Strikes out swinging
Top of the 9th over - 3 runs, 2 hits, 0 errors, 0 left on base; Corpus Christi 8 - Northwest Arkansas 6
BOTTOM OF THE 9TH
Northwest Arkansas Naturals batting - Pitching for Corpus Christi Hooks : LHP Mike Holloway
Now at 1B: Sean Mounts
Now at 2B: Masaru Konno
Now at 3B: Jorge Gutierrez
Now in RF: Edgar Trejo
Batting: RHB Andy Urquhart 0-0: Foul Ball, location: 2F
0-1: Hit by Pitch
Batting: SHB Bill Ertl 0-0: Foul Ball, location: 2F
0-1: Foul Ball, location: 2F
0-2: Ball
1-2: Ball
2-2: SINGLE (Groundball, 6D, EV 110.6 MPH)
Andy Urquhart to second
Batting: RHB Justin Goff 0-0: Foul Ball, location: 2F
0-1: Ball
1-1: Sac Bunt to 25 - play at first, batter OUT! 5-4
Andy Urquhart to third
Bill Ertl to second
Batting: RHB Alex Cid 0-0: Ball
1-0: Ball
2-0: Ball
3-0: Base on Balls
Pitching: RHP Jayson Campbell
Pinch Hitting: LHB Nick McGraw 0-0: Swinging Strike
0-1: Ball
1-1: Foul Ball, location: 2F
1-2: Ball
2-2: SINGLE (Line Drive, 6M, EV 106.9 MPH)
Andy Urquhart scores
Bill Ertl to third
Alex Cid to second
Runner from 3rd tries for Home, SAFE, throw by CF to home
Batting: LHB Eric Zacher 0-0: Ball
1-0: Swinging Strike
1-1: Hit by Pitch
Alex Cid to third
Nick McGraw to second
Batting: RHB Kevin Wimberly 0-0: Ball
1-0: Foul Ball, location: 2F
1-1: Swinging Strike
1-2: Ball
2-2: Ball
3-2: Foul Ball, location: 2F
3-2: Base on Balls
Alex Cid scores
Nick McGraw to third
Eric Zacher to second
Bottom of the 9th over - 3 runs, 2 hits, 0 errors, 3 left on base; Corpus Christi 8 - Northwest Arkansas 9
Thursday, December 15th , 2022 - OOTP Baseball 23.9 Build 102